[Event "Titled Tuesday Blitz August 1 Late 2023"]
[White "Weetik, Vjacheslav"]
[Black "Pinheiro, Iung Alicio de O."]
[WhiteFideId "4153472"]
[BlackFideId "2104350"]
[WhiteElo "2764"]
[BlackElo "2636"]
[Result "1-0"]
[Round "10"]
[TimeControl "180+1"]
[Date "2023.08.01"]
[WhiteClock "0:00:01"]
[BlackClock "0:00:00"]
[Board "20"]

1. d4 Nf6 2. c4 e6 3. g3 d5 4. Nf3 Bb4+ 5. Bd2 Be7 6. Bg2 O-O 7. O-O c6 8. Qc2 b6 9. Rd1 Bb7 10. Bf4 Na6 11. Nbd2 Rc8 12. e4 c5 13. exd5 exd5 14. dxc5 Nxc5 15. Ne5 Qe8 16. Re1 Ne6 17. Qf5 g6 18. Qh3 Nxf4 19. gxf4 Qd8 20. Rad1 Ba8 21. f5 Qc7 22. fxg6 hxg6 23. Ndf3 Kg7 24. Ng5 Rh8 25. Qc3 dxc4 26. Bxa8 Rxa8 27. Ngxf7 Rh5 28. Qg3 g5 29. h4 g4 30. Ng5 Qb7 31. Nxg4 Rh6 32. Nxh6 Kxh6 33. Nf7+ Kh7 34. Ng5+ Kh6 35. Qe3 Bc5 36. Qf4 Nh5 37. Re6+ Kg7 38. Qf5 1-0


[Site "https://www.chess.com"]

[Event "Titled Tuesday Blitz August 1 Late 2023"]
[White "brm72"]
[Black "Volovich, Vasily"]
[BlackFideId "34169676"]
[WhiteElo "2620"]
[BlackElo "2743"]
[Result "0-1"]
[Round "10"]
[TimeControl "180+1"]
[Date "2023.08.01"]
[WhiteClock "0:00:05"]
[BlackClock "0:00:04"]
[Board "21"]

1. e4 e6 2. d4 d5 3. e5 c5 4. c3 Nc6 5. Nf3 Bd7 6. Be2 f6 7. O-O fxe5 8. dxe5 Qc7 9. c4 d4 10. Bf4 Nh6 11. Re1 Nf7 12. Bd3 g6 13. Nbd2 Bg7 14. Ne4 O-O 15. Nxc5 Nfxe5 16. Nxe5 Nxe5 17. Bxe5 Qxc5 18. Bxg7 Kxg7 19. b4 Qe7 20. Re5 Qf6 21. Qe2 b6 22. f3 Rac8 23. Rc1 Qe7 24. c5 b5 25. a3 a6 26. Qe4 Qf6 27. Qxd4 Bc6 28. Qe3 Rcd8 29. Bc2 Bd5 30. Re1 Qf4 31. Bb3 Qxe3+ 32. R1xe3 Bxb3 33. Rxb3 Kf6 34. Re2 Rd1+ 35. Kf2 Rfd8 36. Ke3 Rc1 37. Rd2 Re1+ 38. Re2 Rc1 39. Rd3 Rxd3+ 40. Kxd3 Ra1 41. Rc2 Rxa3+ 42. Kd4 Ke7 43. c6 Kd8 44. Kc5 Kc7 45. Rc1 Rd3 46. Rc4 Rd5# 0-1


[Site "https://www.chess.com"]

[Event "Titled Tuesday Blitz August 1 Late 2023"]
[White "only_strong_moves"]
[Black "Ozates, Tuna"]
[BlackFideId "6354521"]
[WhiteElo "2718"]
[BlackElo "2617"]
[Result "0-1"]
[Round "10"]
[TimeControl "180+1"]
[Date "2023.08.01"]
[WhiteClock "0:00:03"]
[BlackClock "0:00:03"]
[Board "22"]

1. d4 Nf6 2. c4 e6 3. Nf3 d5 4. Nc3 c5 5. cxd5 Nxd5 6. e4 Nxc3 7. bxc3 cxd4 8. cxd4 Bb4+ 9. Bd2 Bxd2+ 10. Qxd2 O-O 11. Bc4 Nd7 12. O-O b6 13. Rad1 Bb7 14. Rfe1 Rc8 15. Bb3 Re8 16. h3 h6 17. d5 Nc5 18. Bc2 exd5 19. exd5 Rxe1+ 20. Qxe1 Qd6 21. Qe5 Rd8 22. Qf5 g6 23. Qg4 Bxd5 24. Nh4 h5 25. Qg5 Ne6 26. Qh6 Qf4 27. Qxf4 Nxf4 28. Bb3 Kf8 29. Kh2 Ke7 30. Re1+ Ne6 31. f4 Kf6 32. Bc2 Nxf4 33. Rf1 Kg5 34. g3 Ne6 35. Bb1 f5 36. Re1 Nc5 37. Re5 Be4 38. Bxe4 Nxe4 39. Nf3+ Kf6 40. Rb5 Rd3 41. Rb3 Rxb3 42. axb3 Nc5 43. Nd4 a5 44. Nc6 Nxb3 45. Nb8 a4 46. Nd7+ Ke6 47. Nxb6 a3 48. Na4 a2 49. Nc5+ Nxc5 0-1


[Site "https://www.chess.com"]

[Event "Titled Tuesday Blitz August 1 Late 2023"]
[White "Tologon tegin, Semetei"]
[Black "Kuzmicz, Krystian"]
[WhiteFideId "13800574"]
[BlackFideId "1119125"]
[WhiteElo "2610"]
[BlackElo "2704"]
[Result "1-0"]
[Round "10"]
[TimeControl "180+1"]
[Date "2023.08.01"]
[WhiteClock "0:00:40"]
[BlackClock "0:00:10"]
[Board "23"]

1. e4 c5 2. Nf3 e6 3. d4 cxd4 4. Nxd4 Nf6 5. Nc3 Nc6 6. Nxc6 bxc6 7. e5 Nd5 8. Ne4 Qa5+ 9. c3 Ba6 10. Bd3 Bxd3 11. Qxd3 Qb5 12. Qxb5 cxb5 13. a4 bxa4 14. Rxa4 f5 15. Nd2 Bc5 16. Nc4 Ke7 17. Ke2 Rhc8 18. Rd1 h6 19. f4 Ke8 20. g3 Nb6 21. Nxb6 axb6 22. Rxa8 Rxa8 23. Be3 Ra2 24. Rd2 Bxe3 25. Kxe3 Ke7 26. Kd3 d5 27. exd6+ Kxd6 28. Kc4+ Kc6 29. Re2 Kd6 30. Kb5 g5 31. Kxb6 Ra8 32. Rd2+ Ke7 33. b4 Rc8 34. Rd3 e5 35. fxe5 Ke6 36. b5 Kxe5 37. Kb7 Rc4 38. b6 f4 39. gxf4+ gxf4 40. Ka6 Ra4+ 41. Kb5 Ra1 42. c4 Rb1+ 43. Kc6 Ke4 44. Rh3 f3 45. Rxf3 Kxf3 46. c5 Ke4 47. Kb7 Kd5 48. c6 Kd6 49. c7 1-0


[Site "https://www.chess.com"]

[Event "Titled Tuesday Blitz August 1 Late 2023"]
[White "Manukyan, Sargis V."]
[Black "Klukin, Kirill"]
[WhiteFideId "13303465"]
[BlackFideId "24199273"]
[WhiteElo "2605"]
[BlackElo "2693"]
[Result "1-0"]
[Round "10"]
[TimeControl "180+1"]
[Date "2023.08.01"]
[WhiteClock "0:00:08"]
[BlackClock "0:00:06"]
[Board "24"]

1. d4 f5 2. c4 e6 3. Nc3 Nf6 4. Nf3 Bb4 5. Bd2 b6 6. e3 Bb7 7. Bd3 O-O 8. O-O a5 9. Rc1 Bxc3 10. Bxc3 Nc6 11. b3 Ne4 12. Bb2 Ne7 13. Nd2 a4 14. f3 Nxd2 15. Qxd2 axb3 16. axb3 Nc6 17. Bb1 Qe7 18. e4 fxe4 19. fxe4 e5 20. d5 Na5 21. Qc3 Qc5+ 22. Kh1 Rxf1+ 23. Rxf1 Rf8 24. Rxf8+ Qxf8 25. Kg1 c5 26. Qxe5 Nxb3 27. Bd3 Ba6 28. d6 Na5 29. Qd5+ Kh8 30. e5 Bb7 31. e6 Bxd5 32. e7 Qe8 33. cxd5 Nb7 34. Be5 h6 35. Ba6 Na5 36. Bd3 c4 37. Bf5 b5 38. h4 Kg8 39. h5 Nb7 40. Bg6 Nxd6 41. Bxd6 Qf7 42. e8=Q+ Qxe8 43. Bxe8 c3 44. Bxd7 c2 45. Ba3 b4 46. Bc1 b3 47. Be6+ Kf8 48. d6 Ke8 49. Bxb3 Kd8 50. Bxc2 1-0


[Site "https://www.chess.com"]

[Event "Titled Tuesday Blitz August 1 Late 2023"]
[White "Vlassov, Nikolai"]
[Black "Papasimakopoulos, Alexandros"]
[WhiteFideId "4103360"]
[BlackFideId "4244125"]
[WhiteElo "2588"]
[BlackElo "2691"]
[Result "0-1"]
[Round "10"]
[TimeControl "180+1"]
[Date "2023.08.01"]
[WhiteClock "0:00:00"]
[BlackClock "0:01:24"]
[Board "25"]

1. e4 e6 2. Nc3 d5 3. Nf3 Nf6 4. e5 Nfd7 5. d4 c5 6. dxc5 Nc6 7. Bf4 Nxc5 8. Bb5 Bd7 9. O-O Be7 10. Nd4 Nxd4 11. Qxd4 O-O 12. Be2 Rc8 13. Bg3 f6 14. exf6 Bxf6 15. Be5 Bxe5 16. Qxe5 Qf6 17. Qxf6 gxf6 18. Rac1 d4 19. Nb1 e5 20. Rfd1 Bf5 21. g4 Bg6 22. h4 h6 23. f4 Rfd8 24. fxe5 fxe5 25. Na3 Na4 26. Nc4 e4 27. Ne5 Kg7 28. Nxg6 Kxg6 29. Re1 Nxb2 30. Bd1 d3 31. Rxe4 Nxd1 0-1


[Site "https://www.chess.com"]

[Event "Titled Tuesday Blitz August 1 Late 2023"]
[White "Bjelobrk, Igor"]
[Black "Domingo Nunez, Ruben"]
[WhiteFideId "4300726"]
[BlackFideId "22245570"]
[WhiteElo "2688"]
[BlackElo "2584"]
[Result "0-1"]
[Round "10"]
[TimeControl "180+1"]
[Date "2023.08.01"]
[WhiteClock "0:00:00"]
[BlackClock "0:00:24"]
[Board "26"]

1. d4 g6 2. e4 Bg7 3. Nf3 c6 4. Bd3 d5 5. exd5 cxd5 6. c3 Nc6 7. O-O Nh6 8. Re1 O-O 9. h3 f6 10. c4 e6 11. Nc3 Nf5 12. Bxf5 exf5 13. Nxd5 b6 14. Nf4 Re8 15. d5 Ne5 16. Nd4 Nxc4 17. Nde6 Qd7 18. b3 Ne5 19. Bb2 Bb7 20. Rc1 Rac8 21. Rxc8 Bxc8 22. Nxg7 Kxg7 23. Ne6+ Kg8 24. Bxe5 fxe5 25. Rxe5 Bb7 26. Qd4 Qd6 27. f4 Re7 28. Kh2 h6 29. b4 Rd7 30. h4 Bxd5 31. Qe3 Re7 32. Nd4 Rxe5 33. fxe5 Qxb4 34. e6 Qd6+ 35. g3 Kg7 36. e7 Bf7 37. h5 Be8 38. hxg6 Kxg6 39. Qd3 Qe5 40. Qd2 Qxe7 41. Qf4 Qf6 42. Nf3 Kg7 43. a4 Bc6 44. Nd4 Be4 0-1


[Site "https://www.chess.com"]

[Event "Titled Tuesday Blitz August 1 Late 2023"]
[White "Korchmar, Vasiliy"]
[Black "Musovic, Armin"]
[WhiteFideId "24131750"]
[BlackFideId "939935"]
[WhiteElo "2682"]
[BlackElo "2578"]
[Result "1-0"]
[Round "10"]
[TimeControl "180+1"]
[Date "2023.08.01"]
[WhiteClock "0:00:43"]
[BlackClock "0:00:04"]
[Board "27"]

1. e4 c6 2. d4 d5 3. exd5 cxd5 4. Bd3 Nc6 5. c3 Nf6 6. h3 g6 7. Nf3 Bg7 8. O-O O-O 9. Re1 Re8 10. Nbd2 Nd7 11. Nf1 Nf8 12. Ng3 f6 13. Bf4 a6 14. Qd2 Be6 15. b3 Bf7 16. c4 e6 17. Rac1 Qd7 18. a3 Rad8 19. Be3 Qd6 20. b4 Ne7 21. a4 Nf5 22. Nxf5 exf5 23. c5 Qd7 24. b5 Ne6 25. c6 bxc6 26. bxc6 Qc7 27. Qa2 f4 28. Bd2 Ng5 29. Rxe8+ Rxe8 30. Nxg5 fxg5 31. Qb2 f3 32. g3 Qc8 33. Kh2 g4 34. h4 Re7 35. Bf4 h6 36. c7 Re8 37. Qb8 Be6 38. Bxa6 Qxa6 39. Qxe8+ Kh7 40. c8=Q Bxc8 41. Rxc8 g5 42. h5 Qf1 43. Qg6# 1-0


[Site "https://www.chess.com"]

[Event "Titled Tuesday Blitz August 1 Late 2023"]
[White "Toropov, Pavel"]
[Black "Ardelean, George-Catalin"]
[WhiteFideId "24129178"]
[BlackFideId "1207091"]
[WhiteElo "2574"]
[BlackElo "2679"]
[Result "0-1"]
[Round "10"]
[TimeControl "180+1"]
[Date "2023.08.01"]
[WhiteClock "0:00:00"]
[BlackClock "0:00:53"]
[Board "28"]

1. e4 d5 2. exd5 Qxd5 3. Nc3 Qd6 4. d4 c6 5. Nf3 Bg4 6. h3 Bxf3 7. Qxf3 Nf6 8. Be3 Nbd7 9. O-O-O e6 10. g4 Qc7 11. Kb1 Nd5 12. Ne4 b5 13. g5 Rb8 14. h4 b4 15. h5 Nc3+ 16. Nxc3 bxc3 17. b3 Bd6 18. g6 O-O 19. gxh7+ Kh8 20. Bg2 Rb6 21. Rdg1 Be7 22. Bf1 Bf6 23. h6 g6 24. Bd3 Qd6 25. Rg4 e5 26. Rhg1 exd4 27. Bf4 Ne5 28. Bxe5 Bxe5 29. Qd1 Bf4 30. Bxg6 Qa3 0-1


[Site "https://www.chess.com"]

[Event "Titled Tuesday Blitz August 1 Late 2023"]
[White "Bettalli, Francesco"]
[Black "Rastbod, Ali"]
[WhiteFideId "2816453"]
[BlackFideId "12567477"]
[WhiteElo "2531"]
[BlackElo "2672"]
[Result "0-1"]
[Round "10"]
[TimeControl "180+1"]
[Date "2023.08.01"]
[WhiteClock "0:01:43"]
[BlackClock "0:01:32"]
[Board "29"]

1. e4 e5 2. Nf3 Nc6 3. c3 d5 4. Qa4 Bd7 5. exd5 Nd4 6. Qd1 Nxf3+ 7. Qxf3 Nf6 8. Be2 Bc5 9. Qg3 O-O 10. O-O Nxd5 11. Bf3 Bc6 12. a4 Bd6 13. Qg4 f5 14. Qc4 e4 15. Be2 Kh8 16. d3 Nf4 17. Bxf4 Bxf4 18. dxe4 Bxe4 19. Na3 Qh4 20. g3 Qh3 21. f3 Bxg3 22. hxg3 Qxg3+ 23. Kh1 Rf6 0-1


[Site "https://www.chess.com"]

[Event "Titled Tuesday Blitz August 1 Late 2023"]
[White "Jakubowski, Krzysztof"]
[Black "Willy, Stephen"]
[WhiteFideId "1112848"]
[BlackFideId "30981468"]
[WhiteElo "2661"]
[BlackElo "2510"]
[Result "1-0"]
[Round "10"]
[TimeControl "180+1"]
[Date "2023.08.01"]
[WhiteClock "0:00:03"]
[BlackClock "0:00:00"]
[Board "30"]

1. e4 d5 2. exd5 Nf6 3. d4 Bg4 4. Be2 Bxe2 5. Qxe2 Qxd5 6. Nf3 Nc6 7. c4 Qe4 8. Be3 e6 9. O-O Bd6 10. Nc3 Qg6 11. Nb5 O-O 12. c5 Be7 13. Nxc7 Rac8 14. Nb5 Rfd8 15. Rfd1 Nd5 16. Bd2 Bf6 17. Nd6 Rc7 18. Be1 b6 19. g3 h5 20. Rac1 h4 21. a3 Qg4 22. Qe4 Qh5 23. Nxh4 Nxd4 24. Rxd4 Bxd4 25. Qxd4 bxc5 26. Rxc5 Rxc5 27. Qxc5 Qe5 28. Nc4 Qxe1+ 29. Kg2 Qe4+ 30. Nf3 g5 31. h3 f5 32. Nd2 Qe2 33. Qxa7 f4 34. Nf1 Ne3+ 35. Nxe3 fxe3 36. Qxe3 Qxe3 37. fxe3 Rd3 38. Kf2 Rb3 39. Nxg5 Rxb2+ 40. Kf3 Rb3 41. Nxe6 Rxa3 42. Kf4 Kf7 43. Ng5+ Kg6 44. Nf3 Kf6 45. h4 Kg6 46. g4 Kh6 47. e4 Kg6 48. Ne5+ Kf6 49. g5+ Ke6 50. Nf3 Ra1 51. h5 Rh1 52. Kg4 Rf1 53. g6 Kf6 54. e5+ Kg7 55. Nd4 Re1 56. Nf5+ Kg8 57. Kf4 Rf1+ 58. Kg5 Kf8 59. Kf6 Kg8 60. h6 Kh8 61. e6 Kg8 62. e7 Re1 63. Nd6 1-0


[Site "https://www.chess.com"]

[Event "Titled Tuesday Blitz August 1 Late 2023"]
[White "Grossboss19"]
[Black "Golubka, Petro"]
[BlackFideId "14114224"]
[WhiteElo "2519"]
[BlackElo "2729"]
[Result "0-1"]
[Round "10"]
[TimeControl "180+1"]
[Date "2023.08.01"]
[WhiteClock "0:00:04"]
[BlackClock "0:00:46"]
[Board "31"]

1. Nf3 b6 2. g3 Bb7 3. Bg2 e6 4. O-O Nf6 5. c4 Be7 6. Nc3 Ne4 7. Qc2 Nxc3 8. Qxc3 Bf6 9. Qc2 c5 10. e4 Nc6 11. a3 h6 12. d3 a5 13. Bf4 d6 14. Rfe1 O-O 15. Rad1 Nd4 16. Nxd4 Bxd4 17. Bd2 a4 18. Bc3 e5 19. Bxd4 cxd4 20. Bh3 Bc6 21. Rb1 Qc7 22. Rec1 Rfb8 23. Bg4 Ra5 24. h4 Rc5 25. Qd2 b5 26. cxb5 Bxb5 27. Rxc5 Qxc5 28. Rc1 Qb6 29. Qc2 Ba6 30. h5 Qxb2 31. Qxb2 Rxb2 32. Rc6 Bxd3 33. Rc8+ Kh7 34. Bf5+ g6 35. hxg6+ fxg6 36. Rc7+ Kg8 37. Bxg6 Rc2 38. Ra7 Be2 39. Rd7 Rc6 40. Bf7+ Kf8 41. Bd5 Rc1+ 42. Kg2 d3 43. Rxd6 d2 44. Bc4 d1=Q 45. Rxd1 Bxd1 46. Kh3 Rxc4 0-1


[Site "https://www.chess.com"]

[Event "Titled Tuesday Blitz August 1 Late 2023"]
[White "Hajiyev, Kanan"]
[Black "Morefield, Jason"]
[WhiteFideId "13404148"]
[BlackFideId "30920825"]
[WhiteElo "2542"]
[BlackElo "2684"]
[Result "1-0"]
[Round "10"]
[TimeControl "180+1"]
[Date "2023.08.01"]
[WhiteClock "0:02:25"]
[BlackClock "0:01:23"]
[Board "32"]

1. d4 Nf6 2. Nf3 d5 3. c4 c6 4. cxd5 cxd5 5. Nc3 Nc6 6. Bg5 Bf5 7. Bxf6 gxf6 8. Qb3 e6 9. Qxb7 Rc8 10. e4 Rc7 11. Qa6 dxe4 12. Bb5 exf3 13. Bxc6+ Ke7 14. Nb5 fxg2 15. Qa3+ 1-0


[Site "https://www.chess.com"]

[Event "Titled Tuesday Blitz August 1 Late 2023"]
[White "Janaszak, Dawid"]
[Black "Fiorito, Joaquin"]
[WhiteFideId "1119206"]
[BlackFideId "180173"]
[WhiteElo "2535"]
[BlackElo "2679"]
[Result "0-1"]
[Round "10"]
[TimeControl "180+1"]
[Date "2023.08.01"]
[WhiteClock "0:00:00"]
[BlackClock "0:00:06"]
[Board "33"]

1. e4 c5 2. Nc3 d6 3. Bc4 Nf6 4. f4 e6 5. Nf3 Be7 6. d3 O-O 7. O-O Nc6 8. a3 b6 9. Ba2 Bb7 10. Ne2 Rc8 11. c3 b5 12. Ng3 a5 13. f5 Qd7 14. Ng5 d5 15. fxe6 fxe6 16. exd5 exd5 17. Nf5 Rce8 18. Bd2 Bd8 19. Qc2 Ne5 20. Rae1 Ng6 21. Ng3 c4 22. d4 Bc7 23. Bb1 Ne4 24. Rxf8+ Nxf8 25. N5xe4 dxe4 26. Nxe4 Qg4 27. h3 Qh5 28. Nc5 Bd5 29. Rxe8 Qxe8 30. Qf5 Bf7 31. Qf2 Bd6 32. Be4 Bxc5 33. Bxh7+ Nxh7 34. dxc5 Qc6 35. Qd4 Nf6 36. Bf4 Nd5 37. Bd6 Qd7 38. a4 bxa4 39. Qxc4 Qc6 40. Qd4 Nf6 41. c4 Nd7 42. Qh4 Nf6 43. Qg5 Bxc4 44. h4 Qd5 45. Qg6 Qd1+ 46. Kh2 Qg4 47. Qxg4 Nxg4+ 48. Kg3 Nf6 49. Kf4 Kf7 50. c6 Bb5 51. c7 Bd7 0-1


[Site "https://www.chess.com"]

[Event "Titled Tuesday Blitz August 1 Late 2023"]
[White "Ovchinnikov, Vsevolod"]
[Black "Estrada Nieto, Julian"]
[WhiteFideId "24176842"]
[BlackFideId "5101018"]
[WhiteElo "2641"]
[BlackElo "2529"]
[Result "1-0"]
[Round "10"]
[TimeControl "180+1"]
[Date "2023.08.01"]
[WhiteClock "0:00:12"]
[BlackClock "0:00:16"]
[Board "34"]

1. d4 d5 2. c4 dxc4 3. Nf3 Nf6 4. e3 e6 5. Bxc4 c5 6. O-O a6 7. a4 Nc6 8. Qe2 Be7 9. Rd1 O-O 10. Nc3 Qc7 11. dxc5 Bxc5 12. Bd2 b6 13. Rac1 Bb7 14. Be1 Ng4 15. h3 Nge5 16. Nxe5 Qxe5 17. Rd7 Bc8 18. Rd2 Nb4 19. Rcd1 Bb7 20. Qg4 Rac8 21. Bf1 g6 22. Ne2 Qe4 23. Qg3 Nd5 24. b3 a5 25. Nd4 Bb4 26. Bd3 Bxd2 27. Bxe4 Bxe1 28. Rxe1 Rc3 29. Qe5 Rfc8 30. Nb5 Rc1 31. Rxc1 Rxc1+ 32. Kh2 Bc6 33. Nd6 Kf8 34. Bxd5 Bxd5 35. Qf6 Rc7 36. Qd8+ Kg7 37. Qxc7 Kf6 38. e4 Bxb3 39. Qxf7+ Ke5 40. Nc8 Bxa4 41. Qc7+ Kd4 42. Nxb6 Bb5 43. Qd6+ Kc3 44. Qc5+ Kd3 45. Qxb5+ Kxe4 46. Qxa5 e5 47. Nd7 Kd3 48. Qxe5 Kd2 49. Qe3+ Kd1 50. Ne5 1-0


[Site "https://www.chess.com"]

[Event "Titled Tuesday Blitz August 1 Late 2023"]
[White "Piesik, Piotr"]
[Black "Toncheva, Nadya"]
[WhiteFideId "1136194"]
[BlackFideId "2924056"]
[WhiteElo "2634"]
[BlackElo "2494"]
[Result "0-1"]
[Round "10"]
[TimeControl "180+1"]
[Date "2023.08.01"]
[WhiteClock "0:00:13"]
[BlackClock "0:00:06"]
[Board "35"]

1. Nf3 c5 2. e4 Nc6 3. Bb5 e6 4. Bxc6 bxc6 5. d3 Ne7 6. e5 Ng6 7. h4 h5 8. Nc3 f6 9. Qe2 Qc7 10. exf6 gxf6 11. Ne4 Be7 12. Be3 Nf4 13. Bxf4 Qxf4 14. g3 Qf5 15. c4 d5 16. Nc3 Kf7 17. O-O-O Rb8 18. Rhe1 Bd7 19. b3 a5 20. Na4 Bd6 21. Qe3 e5 22. Nd2 Rb4 23. Rf1 Rhb8 24. Rde1 Be6 25. Qe2 dxc4 26. dxc4 Be7 27. Qe4 Qxe4 28. Rxe4 Bf5 29. Re3 Rd8 30. Ne4 Bxe4 31. Rxe4 Ke6 32. f4 Rd4 33. Re2 Rb8 34. Nc3 Rbd8 35. fxe5 fxe5 36. Rd1 Rxd1+ 37. Nxd1 Rd3 38. Re3 Rxe3 39. Nxe3 Bd6 40. Kd2 e4 41. Nf1 Kf5 42. Ke3 Be5 43. Kf2 Bd4+ 44. Ke2 Kg4 45. Nd2 Kxg3 46. Nxe4+ Kxh4 47. Kf3 Kh3 48. Ng5+ Kh2 49. a4 h4 50. Kg4 Bf2 51. Ne4 Kg2 52. Ng5 Bg3 53. Ne4 Be1 54. Ng5 Kf1 55. Kf3 Bf2 56. Nh3 Bg3 57. Ng5 Ke1 58. Ke4 Kd2 59. Kf5 Kc3 60. Ke6 Kxb3 61. Kd7 Kxc4 62. Kxc6 Kd4 63. Kb5 c4 64. Kxa5 c3 0-1


[Site "https://www.chess.com"]

[Event "Titled Tuesday Blitz August 1 Late 2023"]
[White "Kanakaris, Georgios"]
[Black "Ganiev, Roman"]
[WhiteFideId "4209460"]
[BlackFideId "4131452"]
[WhiteElo "2525"]
[BlackElo "2599"]
[Result "1-0"]
[Round "10"]
[TimeControl "180+1"]
[Date "2023.08.01"]
[WhiteClock "0:01:54"]
[BlackClock "0:00:47"]
[Board "36"]

1. e4 c5 2. b4 d6 3. bxc5 dxc5 4. Bb2 Nc6 5. Nf3 Nf6 6. e5 Nd5 7. Nc3 Nxc3 8. Bxc3 Qd5 9. h3 b6 10. a4 Bb7 11. a5 Rd8 12. axb6 axb6 13. Bb5 Ra8 14. Rxa8+ Bxa8 15. Qa1 Bb7 16. Qa7 Qd7 17. Qxb6 e6 18. O-O Be7 19. Ra1 O-O 20. Ra7 Rb8 21. Bxc6 1-0


[Site "https://www.chess.com"]

[Event "Titled Tuesday Blitz August 1 Late 2023"]
[White "Kazakov, Mikhail"]
[Black "vishwa_vijeta"]
[WhiteFideId "14102749"]
[WhiteElo "2463"]
[BlackElo "2578"]
[Result "0-1"]
[Round "10"]
[TimeControl "180+1"]
[Date "2023.08.01"]
[WhiteClock "0:00:09"]
[BlackClock "0:00:26"]
[Board "37"]

1. d4 Nf6 2. c4 g6 3. Nc3 d5 4. Bg5 Ne4 5. Bh4 Nxc3 6. bxc3 Bg7 7. e3 O-O 8. Nf3 c5 9. cxd5 cxd4 10. cxd4 Qxd5 11. Be2 Nc6 12. O-O Bg4 13. Qb3 Qxb3 14. axb3 e5 15. dxe5 Nxe5 16. Rac1 Rac8 17. h3 Nxf3+ 18. Bxf3 Bxf3 19. gxf3 h6 20. Rfd1 g5 21. Bg3 b5 22. b4 Rfd8 23. Rxd8+ Rxd8 24. Rc7 a6 25. Rc6 Rd1+ 26. Kg2 Ra1 27. Bc7 Bf8 28. Ba5 Ra4 29. Kg3 Bxb4 30. Bxb4 Rxb4 31. Rxa6 Kg7 32. e4 h5 33. h4 f6 34. Rb6 Rb3 35. Rc6 b4 36. hxg5 fxg5 37. Kg2 Rb1 38. Rb6 b3 39. f4 gxf4 40. Kf3 h4 41. Kg4 b2 42. Kxf4 h3 43. Kg3 Rg1+ 0-1


[Site "https://www.chess.com"]

[Event "Titled Tuesday Blitz August 1 Late 2023"]
[White "Reprintsev, Alexander"]
[Black "Karamsetty, Jeevan"]
[WhiteFideId "14100541"]
[BlackFideId "2025337"]
[WhiteElo "2462"]
[BlackElo "2563"]
[Result "1/2-1/2"]
[Round "10"]
[TimeControl "180+1"]
[Date "2023.08.01"]
[WhiteClock "0:00:06"]
[BlackClock "0:00:03"]
[Board "38"]

1. e4 d6 2. d4 Nf6 3. Nc3 e5 4. dxe5 dxe5 5. Qxd8+ Kxd8 6. Bd2 Bd6 7. h4 a6 8. f3 Be6 9. g4 h6 10. Nge2 Nc6 11. Bh3 b5 12. g5 hxg5 13. Bxe6 fxe6 14. Bxg5 Nd4 15. Nxd4 exd4 16. Ne2 e5 17. c3 c5 18. cxd4 cxd4 19. Rc1 Kd7 20. Kf2 Rac8 21. Ng3 Nh7 22. Bd2 g6 23. Rhg1 Be7 24. h5 gxh5 25. Nxh5 Nf6 26. Nxf6+ Bxf6 27. Ke2 Rh2+ 28. Kd3 Rxc1 29. Bxc1 Rh3 30. Rf1 Ke6 31. Bd2 Be7 32. Rf2 Bh4 33. Rf1 Be7 34. Rf2 Rg3 35. Be1 Rg1 36. Bd2 Ra1 37. a3 Rb1 38. Kc2 Rg1 39. f4 exf4 40. Bxf4 Bc5 41. Rh2 Rg4 42. Rh6+ Kd7 43. Rf6 a5 44. Kd3 b4 45. axb4 axb4 46. Kc4 Be7 47. Rf5 Rg2 48. b3 Rc2+ 49. Kxd4 Rc3 50. Rd5+ Ke6 51. Rb5 Rxb3 52. Rb6+ Kf7 53. e5 Rc3 54. e6+ Kf6 55. Be5+ Kf5 56. Bg7 Bc5+ 57. Kd5 Bxb6 58. Bxc3 Bd8 59. Bxb4 Kf6 60. Bd6 Be7 61. Bc7 Kg7 62. Be5+ Kf8 63. Kc6 Ke8 64. Bd6 Bxd6 65. Kxd6 Kd8 66. e7+ Ke8 67. Ke6 1/2-1/2


[Site "https://www.chess.com"]

[Event "Titled Tuesday Blitz August 1 Late 2023"]
[White "Nikologorsky, Matfei"]
[Black "Golubev, Mikhail"]
[WhiteFideId "24102474"]
[BlackFideId "14100983"]
[WhiteElo "2393"]
[BlackElo "2551"]
[Result "0-1"]
[Round "10"]
[TimeControl "180+1"]
[Date "2023.08.01"]
[WhiteClock "0:01:53"]
[BlackClock "0:01:50"]
[Board "39"]

1. e4 c5 2. Nf3 d6 3. d4 Nf6 4. Nc3 cxd4 5. Nxd4 Nc6 6. Bg5 e6 7. Qd3 Bd7 8. O-O-O a6 9. Qg3 h6 10. Be3 Nxd4 11. Bxd4 e5 12. Be3 Rc8 13. Kb1 Rxc3 14. bxc3 Nxe4 15. Qf3 Nxc3+ 16. Kb2 e4 0-1


[Site "https://www.chess.com"]

[Event "Titled Tuesday Blitz August 1 Late 2023"]
[White "Hambleton, Aman"]
[Black "i_like_explosions"]
[WhiteFideId "2606577"]
[WhiteElo "2771"]
[BlackElo "2435"]
[Result "1-0"]
[Round "10"]
[TimeControl "180+1"]
[Date "2023.08.01"]
[WhiteClock "0:00:29"]
[BlackClock "0:00:00"]
[Board "40"]

1. e4 c5 2. Nc3 a6 3. Bc4 b5 4. Bd5 Nc6 5. a4 b4 6. Bxc6 dxc6 7. Nce2 e5 8. b3 Ne7 9. d3 Ng6 10. Nf3 Bd6 11. Be3 Qe7 12. Ng3 Nf4 13. O-O O-O 14. Nd2 Be6 15. Nf5 Qc7 16. Nxd6 Qxd6 17. g3 Ng6 18. f3 Ne7 19. Qe2 g6 20. Qf2 a5 21. Bxc5 Qd7 22. f4 exf4 23. Qxf4 f5 24. Qe5 Rad8 25. exf5 Rxf5 26. Rxf5 Nxf5 27. Ne4 Kf7 28. Ng5+ 1-0


[Site "https://www.chess.com"]

[Event "Titled Tuesday Blitz August 1 Late 2023"]
[White "Schnaider, Ilan"]
[Black "Michalczak, Thomas"]
[WhiteFideId "169013"]
[BlackFideId "4622634"]
[WhiteElo "2678"]
[BlackElo "2515"]
[Result "1-0"]
[Round "10"]
[TimeControl "180+1"]
[Date "2023.08.01"]
[WhiteClock "0:00:28"]
[BlackClock "0:00:00"]
[Board "41"]

1. e4 e5 2. Nf3 Nc6 3. Bc4 Nf6 4. d3 Bc5 5. c3 d6 6. O-O O-O 7. h3 a5 8. Re1 h6 9. d4 Ba7 10. Bb3 Re8 11. Bc2 Bd7 12. d5 Ne7 13. Be3 Ng6 14. Nbd2 Bxe3 15. Rxe3 Nf4 16. Nf1 N6h5 17. Ng3 Qf6 18. Nh2 Qg5 19. Qf3 Rf8 20. Bd1 Nf6 21. c4 b6 22. Bc2 g6 23. Qd1 h5 24. Nf3 Qh6 25. Ba4 Bc8 26. Bc6 Rb8 27. a3 Kg7 28. b4 h4 29. Ne2 g5 30. Nh2 Qg6 31. c5 axb4 32. axb4 bxc5 33. bxc5 Rb2 34. Rb1 Ra2 35. Nc3 Ra3 36. cxd6 cxd6 37. Nb5 Rxe3 38. fxe3 N4h5 39. Nxd6 Nxe4 40. Nxe4 Qxe4 41. Qxh5 Qxb1+ 42. Nf1 Qg6 43. Qe2 f5 44. Qb2 Qf6 45. Qb4 e4 46. Nd2 Rd8 47. Nc4 f4 48. exf4 gxf4 49. Nd2 e3 50. Ne4 Qa1+ 51. Kh2 Qe5 52. Kg1 Qa1+ 53. Kh2 Qe5 54. Kg1 f3 55. gxf3 e2 56. Kf2 Ba6 57. Qc3 Qxc3 58. Nxc3 Bc4 59. Nxe2 Bxd5 60. Bb5 Rf8 61. Nd4 1-0


[Site "https://www.chess.com"]

[Event "Titled Tuesday Blitz August 1 Late 2023"]
[White "Kovalevsky, Stanislav"]
[Black "Przybylski, Wojciech"]
[WhiteFideId "13508598"]
[BlackFideId "1117599"]
[WhiteElo "2517"]
[BlackElo "2633"]
[Result "0-1"]
[Round "10"]
[TimeControl "180+1"]
[Date "2023.08.01"]
[WhiteClock "0:00:02"]
[BlackClock "0:01:10"]
[Board "42"]

1. c4 c5 2. Nc3 Nc6 3. g3 g6 4. Bg2 Bg7 5. Nf3 e6 6. h4 h5 7. d3 Nge7 8. Bg5 O-O 9. Qd2 Kh7 10. Ne4 f6 11. Bf4 e5 12. Be3 d6 13. a3 Be6 14. Nfg5+ fxg5 15. Nxg5+ Kg8 16. Nxe6 Qd7 17. Nxf8 Rxf8 18. Bh3 Nf5 19. g4 Nxe3 20. Qxe3 hxg4 21. Bg2 Nd4 22. Bd5+ Kh7 23. Kd1 Bh6 24. Qe4 Rf4 25. Qg2 Qa4+ 26. Ke1 Qc2 27. f3 gxf3 28. Qf2 fxe2 29. h5 Rxf2 30. hxg6+ Kg7 31. Kxf2 e1=B+ 32. Kxe1 Qe2# 0-1


[Site "https://www.chess.com"]